 Dungeon Crawl Stone Soup version 0.28.0-49-g6dfe1f597d (webtiles) character file.

Game seed: 13151995386984093941

51 spiecas the Poker (level 3, -6/27 HPs)
             Began as a Merfolk Gladiator on Mar 8, 2022.
             Was an Initiate of Fedhas.
             Mangled by Terence
             ... wielding a +0 falchion
              (7 damage)
             ... on level 3 of the Dungeon on May 16, 2022.
             The game lasted 00:14:21 (2132 turns).

spiecas the Poker (Merfolk Gladiator)               Turns: 2132, Time: 00:14:22

Health: -6/27      AC:  5    Str: 14    XL:     3   Next: 81%
Magic:  3/3        EV: 14    Int:  7    God:    Fedhas [......]
Gold:   52         SH:  0    Dex: 17    Spells: 2/2 levels left

rFire   + . .      SeeInvis .   a - +0 trident
rCold   + . .      Faith    .   (no shield)
rNeg    . . .      Spirit   .   b - +1 leather armour
rPois   +          Reflect  .   c - +0 helmet
rElec   +          Harm     .   (no cloak)
rCorr   +          Rampage  .   (no gloves)
Will    .....                   (no boots)
Stlth   +.........              (no amulet)
HPRegen 0.09/turn               (no ring)
MPRegen 0.08/turn               (no ring)

@: resistant, on berserk cooldown, slowed, very slow
A: (nimble swimmer 2), mertail
a: Renounce Religion


You were on level 3 of the Dungeon.
You worshipped Fedhas.
Fedhas was noncommittal.
You visited 1 branch of the dungeon, and saw 3 of its levels.

You collected 52 gold pieces.

Inventory:

Hand Weapons
 a - a +0 trident (weapon)
 i - a +0 short sword
Missiles
 d - 3 throwing nets (quivered)
Armour
 b - a +1 leather armour (worn)
 c - a +0 helmet (worn)
Jewellery
 j - a +6 ring of strength


   Skills:
 - Level 2.2 Fighting
 + Level 1.9 Short Blades
 - Level 5.3 Polearms
 - Level 2.0 Throwing
 - Level 4.6 Dodging
 + Level 0.1 Necromancy


You had 2 spell levels left.
You didn't know any spells.
Your spell library contained the following spells:

 Spells                   Type           Power      Damage    Failure   Level
 Blink                    Tloc           0%         N/A       65%         2
 Ignite Poison            Fire/Tmut/Pois 0%         N/A       87%         3
 Lesser Beckoning         Tloc           0%         N/A       87%         3
 Mephitic Cloud           Conj/Pois/Air  0%         N/A       87%         3
 Freezing Cloud           Conj/Ice/Air   0%         6-21      100%        5
 Manifold Assault         Tloc           0%         N/A       100%        5


Dungeon Overview and Level Annotations

Branches:
Dungeon (3/15)

Altars:
Fedhas

Shops:
D:2 [

Annotations:
D:3 Terence


Innate Abilities, Weirdness & Mutations

((You are very nimble when in or above water. (Stealth+, EV+, Speed+++)))
Your lower body shifts to a powerful aquatic tail in water.


Message History

Terence closely misses you.
You barely miss Terence.
Terence is moderately wounded.
Terence barely misses you.
You hit Terence.
Terence is moderately wounded.
Terence hits you with a +0 falchion!
* * * LOW HITPOINT WARNING * * *
You completely miss Terence.
Terence is moderately wounded.
Terence screams, "I'm going to kill you!"
Terence misses you.
It was a potion of curing.
You feel better. Terence completely misses you.
It was a potion of berserk rage.
A red film seems to cover your vision as you go berserk!
You feel yourself moving faster!
You feel mighty! Terence hits you but does no damage.
Unknown command.
You feel a strong urge to attack something.
You feel your anger nearly subside.
You are no longer berserk.
You are exhausted.
You feel yourself slow down. Terence hits you but does no damage.
A giant cockroach comes into view.
Terence hits you but does no damage. Terence closely misses you.
Terence barely misses you. The giant cockroach bites you.
* * * LOW HITPOINT WARNING * * *
Terence completely misses you. The giant cockroach barely misses you.
Terence hits you with a +0 falchion.
* * * LOW HITPOINT WARNING * * *
Terence hits you with a +0 falchion.
* * * LOW HITPOINT WARNING * * *
The giant cockroach closely misses you.
You hit Terence but do no damage.
Terence is moderately wounded.
Terence hits you with a +0 falchion!
You die...
Fedhas appreciates your contribution to the ecosystem.

# ..## .#.# ...
#.#.....## ###.#
#........## #...##
#.........###....##
+.........+...B...#
#.........###@@..##
#........# #.#.##
#.....# #.### #.<.#
#.# ##'## #.# #.#
#.# ##.#######.#
#..........#
#...########


You could see Terence and a giant cockroach.

Vanquished Creatures
  A worm (D:2)
  2 dart slugs
  An orc (D:2)
  4 ball pythons
  6 endoplasms
  A giant cockroach (D:2)
  5 hobgoblins
  A quokka (D:1)
  A bat (D:1)
  4 frilled lizards (D:1)
  8 goblins
  2 kobolds (D:1)
  A rat (D:2)
37 creatures vanquished.

Notes
Turn   | Place    | Note
-------+----------+-------------------------------------------
     0 | D:1      | spiecas the Merfolk Gladiator began the quest for the Orb.
     0 | D:1      | Reached XP level 1. HP: 16/16 MP: 1/1
   103 | D:1      | Found a faded altar of an unknown god.
   267 | D:1      | Reached XP level 2. HP: 14/22 MP: 2/2
   545 | D:1      | Reached skill level 1 in Short Blades
   552 | D:1      | Upgraded the game from 0.28.0-43-g3370ac3207 to
                  | 0.28.0-49-g6dfe1f597d
  1009 | D:1      | Reached skill level 5 in Polearms
  1009 | D:1      | Reached XP level 3. HP: 24/27 MP: 3/3
  1344 | D:2      | Found a blossoming altar of Fedhas.
  1354 | D:2      | Became a worshipper of Fedhas Madash
  1764 | D:2      | Found Miez Goerchu's Antique Armour Emporium.
  1937 | D:2      | Noticed Terence
  2112 | D:3      | HP: 1/27 [Terence/+0 falchion (9)]
  2131 | D:3      | HP: 1/27 [Terence/+0 falchion (1)]
  2132 | D:3      | Mangled by Terence

Illustrated notes

Levels and vault maps discovered:
D:1:      dpeg_arrival_court, layout_basic, ebering_ecumenical_altar_box
D:2:      layout_basic, basic_altar, serial_shops, nicolae_shop_window_shopping,
          uniq_jessica, uniq_terence
D:3:      layout_loops_corners, serial_shops, shop, serial_park_tiny_1

Skill      XL: |  1  2 |
---------------+-------+-----
Short Blades   | 1 |  1.9
Polearms       | 5 |  5.3
Fighting       | |  2.2
Throwing       | |  2.0
Dodging        | |  4.6
Necromancy     | |  0.1

Action                   || total
-------------------------++-------
Melee: Trident           ||    64
       Dagger            ||    15
       Punch             ||     2
       Short sword       ||    68
  Use: Potion            ||     3
       Scroll            ||     2
 Stab: Sleeping          ||     2
Armor: Leather armour    ||    37
Dodge: Dodged            ||   113
